 Dungeon Crawl Stone Soup version 0.31-a0-1529-g7bd419a0e5 (webtiles) character file.

Game seed: 3267425017230119711

58 lcaldwell the Trooper (level 3, -4/34 HPs)
             Began as a Minotaur Fighter on Dec 31, 2023.
             Was a Believer of Elyvilon.
             Killed by nerve-wracking pain
             ... invoked by an orc priest
              (14 damage)
             ... on level 3 of the Dungeon.
             The game lasted 00:11:02 (2025 turns).

lcaldwell the Trooper (Minotaur Fighter)            Turns: 2025, Time: 00:11:02

Health: -4/34      AC: 10    Str: 23    XL:     3   Next: 75%
Magic:  2/2        EV: 10    Int:  7    God:    Elyvilon [**....]
Gold:   66         SH:  4    Dex: 11    Spells: 2/2 levels left

rFire   + . .        a - +0 trident
rCold   x . .        c - +0 buckler
rNeg    . . .        j - +5 ring mail "Oxyi" {Str+3 Int+2}
rPois   .            (helmet restricted)
rElec   .            (no cloak)
rCorr   .            (no gloves)
SInv    .            (no boots)
Will    .....        (no amulet)
Stlth   +            h - ring of fire
HPRegen 0.25/turn    (no ring)
MPRegen 0.08/turn

%: no passive effects
@: no status effects
A: horns 2, retaliatory headbutt
a: Renounce Religion, Purification, Heal Other


You were on level 3 of the Dungeon.
You worshipped Elyvilon.
Elyvilon was pleased with you.
You visited 1 branch of the dungeon, and saw 3 of its levels.

You collected 66 gold pieces.

Inventory:

Hand Weapons
 a - a +0 trident (weapon)
Missiles
 f - a throwing net
Armour
 b - a +0 scale mail
 c - a +0 buckler (worn)
 j - the +5 ring mail "Oxyi" (worn) {Str+3 Int+2}
   (You found it on level 2 of the Dungeon)

   Str+3:     It affects your strength (+3).
   Int+2:     It affects your intelligence (+2).
Jewellery
 h - a ring of fire (left hand)
 m - a ring of magical power
Scrolls
 e - 3 scrolls of teleportation
 k - a scroll of enchant weapon {unknown}
 l - a scroll of vulnerability
Potions
 d - 2 potions of might
 i - a potion of berserk rage


   Skills:
 + Level 4.3 Fighting
 + Level 3.3 Polearms
 + Level 4.2 Armour
 + Level 0.1 Dodging
 + Level 0.2 Stealth
 + Level 4.0 Shields


You had 2 spell levels left.
You didn't know any spells.
Your spell library contained the following spells:

 Spells                   Type           Power      Damage    Failure   Level
 Animate Dead             Necr           0%         N/A       100%        4
 Borgnjor's Vile Clutch   Necr/Erth      0%         N/A       100%        5
 Death Channel            Necr           0%         N/A       100%        6


Dungeon Overview and Level Annotations

Branches:
Dungeon (3/15)

Altars:
Elyvilon
Wu Jian


Innate Abilities, Weirdness & Mutations

You have a pair of horns on your head.
You reflexively headbutt those who attack you in melee.


Message History

You hit the orc but do no damage. The orc closely misses you.
The orc barely misses you. You furiously retaliate!
You headbutt the orc!
You kill the orc!
The orc barely misses you.
You hit the orc.
The orc is lightly wounded.
The orc hits you but does no damage.
The orc priest begins to cast a cantrip, but forgets the words!
You closely miss the orc. Your headbutt misses the orc.
The orc is lightly wounded.
The orc hits you but does no damage.
You puncture the orc!
You kill the orc!
You closely miss the orc. The orc hits you with a +0 hand axe. x2
You hit the orc. You headbutt the orc.
You kill the orc!
The orc closely misses you. You furiously retaliate!
You headbutt the orc. You completely miss the orc.
The orc is almost dead.
The orc priest calls upon Beogh to heal the orc.
The orc's wounds heal themselves!
The orc barely misses you.
You puncture the orc!
You kill the orc!
The orc priest calls down the wrath of Beogh upon you.
Beogh smites you!
You feel better.
The orc priest hits you from afar with a +0 trident.
The orc priest mumbles some strange prayers to Beogh against you.
Pain shoots through your body!
You see here a +0 mace.
You closely miss the orc priest.
The orc priest hits you but does no damage.
You barely miss the orc priest.
The orc priest begins to cast a cantrip, but forgets the words!
The orc priest hits you with a +0 trident.
* * * LOW HITPOINT WARNING * * *
You closely miss the orc priest.
The orc priest mumbles some strange prayers to Beogh against you.
Pain shoots through your body!
You die...

######...........#
#.#.#
)....#.......###.#####
#.#.#
....................>#
#.#.#
.....#####.#########.#
#.#.# .....# #.# #.#
#.#.# .....# #.#
#####.###.#.# .....#
#.# #...........#
.....# #.#
#.###.###.### .....#
#.# ##@##..# #.#
.....# #.####)o...##
#.# #.#.....#### #.#
#...###.# #.# #..##
#.# #.# #..# #.# #.#
#... ... #.### #.# ...
...


You could see an orc priest.

Vanquished Creatures
  2 ribbon worms (D:2)
  4 orcs (D:3)
  4 bats
  6 endoplasms
  3 giant cockroaches (D:1)
  3 goblins (D:2)
  2 hobgoblins (D:2)
  3 jackals (D:1)
  4 kobolds (D:2)
  3 quokkas
  4 ball pythons
  2 frilled lizards (D:1)
  3 rats
43 creatures vanquished.

Notes
Turn   | Place    | Note
-------+----------+-------------------------------------------
     0 | D:1      | lcaldwell the Minotaur Fighter began the quest for the Orb.
     0 | D:1      | Reached XP level 1. HP: 19/19 MP: 0/0
   335 | D:1      | Reached XP level 2. HP: 27/27 MP: 1/1
   995 | D:2      | Reached XP level 3. HP: 31/33 MP: 2/2
  1007 | D:2      | Identified the +5 ring mail "Oxyi" {Str+3 Int+2}
  1044 | D:2      | Found a faded altar of an unknown god.
  1071 | D:2      | Prayed at the altar of an unknown god.
  1071 | D:2      | Became a worshipper of Elyvilon the Healer
  1071 | D:2      | Reached * piety under Elyvilon
  1142 | D:2      | Found an ornate altar of the Wu Jian Council.
  1692 | D:3      | Reached ** piety under Elyvilon
  2025 | D:3      | Killed from afar by an orc priest

Illustrated notes

Levels and vault maps discovered:
D:1:      dpeg_arrival_solitude, layout_loops_ring, minmay_tree_intersection
D:2:      layout_basic, shapermc_ecumenical_altar_starsandcircs, basic_altar
D:3:      layout_basic, serial_shops, nicolae_shop_overgrown_old_shop,
          minmay_checkerbox

Skill      XL: |  1  2  3 |
---------------+----------+-----
Fighting       | 4 |  4.3
Armour         | 4 |  4.2
Shields        | 4 |  4.0
Polearms       | 3 |  3.3
Dodging        | |  0.1
Stealth        | |  0.2

Action                     || total
---------------------------++-------
  Melee: Trident           ||    98
         Headbutt          ||     7
    Use: Scroll            ||     4
         Potion            ||     2
 Armour: Scale mail        ||    37
         Ring mail         ||    21
  Dodge: Dodged            ||    46
  Block: Buckler           ||    19

Table legend: (Time is in decaauts)
 A = Elapsed time spent in this place.
 B = Non-inter-level travel time spent in this place.
 C = Inter-level travel time spent in this place.
 D = Time resting spent in this place.
 E = Time spent auto-exploring this place.
 F = Levels seen in this place.
 G = Mean time per level.
                   A        B        C        D        E       F      G
               +--------+--------+--------+--------+--------+-----+--------+
         Total |   2046 |   1979 |     67 |     82 |    173 |   3 |  682.0 |
       Dungeon |   2046 |   1979 |     67 |     82 |    173 |   3 |  682.0 |
               +--------+--------+--------+--------+--------+-----+--------+

Top non-repeatable levels by time:
     D:1: 913 daAuts
     D:2: 794 daAuts
     D:3: 337 daAuts
